 Dungeon Crawl Stone Soup version 0.25.0-11-g1f837a76a1 (webtiles) character file.

Game seed: 17820389815773679979

163 grindst0ne the Chopper (level 5, -4/43 HPs)
             Began as a Human Chaos Knight on June 27, 2020.
             Was a Plaything of Xom.
             Killed by nerve-wracking pain
             ... invoked by an orc priest
              (13 damage)
             ... on level 3 of the Dungeon.
             The game lasted 00:03:44 (2959 turns).

grindst0ne the Chopper (Human Chaos Knight)         Turns: 2959, Time: 00:03:44

Health: -4/43      AC:  7    Str: 13 (14) XL:     5   Next: 72%
Magic:  0/5        EV: 11    Int: 11 (12) God:    Xom [.*....]
Gold:   232        SH:  0    Dex: 10 (12) Spells: 4/4 levels left

rFire    . . .     SeeInvis .   a - +0 hand axe (chaos)
rCold    . . .     Gourm    .   (no shield)
rNeg     . . .     Faith    .   b - +2 leather armour
rPois    .         Spirit   +   (no helmet)
rElec    .         Reflect  .   h - +0 cloak
rCorr    .         Harm     .   w - +0 pair of gloves
MR       .....                  (no boots)
Stlth    +.........             k - amulet of guardian spirit
HPRegen  0.14/turn              (no ring)
MPRegen  0.09/turn              (no ring)

@: no status effects
A: no striking features
a: Renounce Religion


You were on level 3 of the Dungeon.
You worshipped Xom.
You were a plaything of Xom.
You were hungry.

You visited 1 branch of the dungeon, and saw 4 of its levels.

You collected 232 gold pieces.

Inventory:

Hand Weapons
 a - a +0 hand axe of chaos (weapon)
 m - a +0 war axe
Armour
 b - a +2 leather armour (worn)
 g - a +0 chain mail
 h - a +0 cloak (worn)
 w - a +0 pair of gloves (worn)
Jewellery
 k - an amulet of guardian spirit (around neck)
Scrolls
 i - 2 scrolls of teleportation
 j - a scroll of random uselessness {unknown}
 n - 2 scrolls of blinking
 p - a scroll of enchant weapon {unknown}
 s - a scroll of immolation {unknown}
Potions
 e - 2 potions of curing {unknown}
 f - a potion of resistance {unknown}
 o - 2 potions of haste {unknown}
 q - 2 potions of ambrosia {unknown}
 t - a potion of heal wounds {unknown}
 u - 2 potions of might {unknown}
Comestibles
 c - 6 rations
 l - 4 chunks of flesh


   Skills:
 + Level 4.6 Fighting
 + Level 4.7 Axes
 - Level 2.0 Armour
 - Level 1.0 Dodging


You had 4 spell levels left.
You didn't know any spells.
Your spell library was empty.

Dungeon Overview and Level Annotations

Branches:
Dungeon (4/15)
 Temple: D:4-7

Altars:
Ashenzari
Okawaru
Trog
Vehumet
Xom


Message History

The orc priest invokes the aid of Beogh against you.
Beogh smites you!
You barely miss the orc priest.
The orc priest is severely wounded.
The orc priest hits you with a +0 hand axe.
The orc priest looks more healthy.
The orc priest completely misses you.
You climb upwards.
There is a stone staircase leading down here.
You barely miss the orc priest.
The orc priest is severely wounded.
The orc priest is no longer moving slowly.
The orc priest hits you with a +0 hand axe!
* * * LOW HITPOINT WARNING * * *
It was a potion of degeneration.
There was something very wrong with that liquid.
You feel weakened.
You feel dopey.
You feel clumsy.
Xom roars with laughter!
The orc priest invokes the aid of Beogh against you.
Pain shoots through your body!
You die...

...# #<......###.# #.# ...#
#.##.##.###.# #.#
...###.##.##...#.###.#
....##.##.##.........#
....###....<....(....####
....###.#.#..#.#.#.#....#
.....##.#....#.#.#.#.##.#
####.##.###..#.#.#.#.##.######
...............o@............#
#####.#.##.#.#.[.#.#.##..#####
#####...##.#.#.......##..#
........##.#.......####..#
######..##.#....#### #..#
#######.##.####.#######..#
#............##).........#
#............##..#######.#
#............##..# ###


You could see an orc priest (fast).

Vanquished Creatures
  An orc priest (D:4)
  Jessica (D:2)
  A worker ant (D:4)
  2 adders
  An adder skeleton (D:4)
  3 dart slugs
  A leopard gecko (D:2)
  An orc (D:3)
  11 bats
  5 giant cockroaches
  3 goblins
  6 hobgoblins
  2 jackals (D:1)
  A quokka (D:3)
  A ball python (D:1)
  4 frilled lizards
  6 kobolds
  12 rats
62 creatures vanquished.

Vanquished Creatures (collateral kills)
  A goblin (D:2)
1 creature vanquished.

Grand Total: 63 creatures vanquished

Notes
Turn   | Place    | Note
-------+----------+-------------------------------------------
     0 | D:1      | grindst0ne the Human Chaos Knight began the quest for the
                  | Orb.
     0 | D:1      | Reached XP level 1. HP: 18/18 MP: 1/1
    68 | D:1      | Reached XP level 2. HP: 21/24 MP: 2/2
   289 | D:1      | XOM: silly message
   494 | D:1      | Reached XP level 3. HP: 26/29 MP: 3/3
   524 | D:1      | Found a shimmering altar of Xom.
   811 | D:2      | XOM: 7-stop teleportation journey
   853 | D:2      | XOM: 8-stop teleportation journey
   957 | D:2      | XOM: silly message
  1324 | D:2      | Noticed Jessica
  1336 | D:2      | Killed Jessica
  1336 | D:2      | Reached XP level 4. HP: 34/37 MP: 2/4
  2126 | D:3      | Reached XP level 5. HP: 42/42 MP: 5/5
  2235 | D:3      | Found a radiant altar of Vehumet.
  2235 | D:3      | Found a shattered altar of Ashenzari.
  2411 | D:3      | Found an iron altar of Okawaru.
  2425 | D:3      | XOM: 8-stop teleportation journey
  2683 | D:4      | Found a bloodstained altar of Trog.
  2773 | D:4      | XOM: summons friendly crimson imp
  2959 | D:3      | Killed from afar by an orc priest

Illustrated notes

Levels and vault maps discovered:
D:1:      dpeg_arrival_concentric_ovals, layout_rooms, xom_teletrap_fun
D:2:      kennysheep_six_static_rooms, layout_basic, uniq_jessica
D:3:      layout_basic, lemuel_coloured_pillars_altar,
          gammafunk_temple_overflow_elements
D:4:      layout_loops_cross, bloody_trog, nicolae_ashenzari_panopticon

Skill      XL: |  1  2  3 |
---------------+----------+-----
Fighting       | 4 |  4.6
Axes           | 4 |  4.7
Armour         | |  2.0
Dodging        | |  1.0

Action                   |  1- 3 |  4- 6 || total
-------------------------+-------+-------++-------
Melee: Hand axe          |    98 |    75 ||   173
  Use: Scroll            |       |     6 ||     6
       Potion            |       |     1 ||     1
 Stab: Paralysed         |       |     4 ||     4
       Distracted        |       |     1 ||     1
  Eat: Chunk             |     1 |     5 ||     6
Armor: Leather armour    |    50 |    27 ||    77
Dodge: Dodged            |    56 |    45 ||   101
